 Dungeon Crawl Stone Soup version 0.28-a0-245-g639a1a48b9 (webtiles) character file.

Game seed: 3386251710991159672

25 frimble the Grave Robber (level 3, 0/25 HPs)
             Began as a Gnoll Wanderer on Aug 25, 2021.
             Killed from afar by Sigmund (4 damage)
             ... with a puff of flame
             ... on level 2 of the Dungeon.
             The game lasted 00:04:25 (2348 turns).

frimble the Grave Robber (Gnoll Wanderer)           Turns: 2348, Time: 00:04:25

Health: 0/25       AC:  2    Str: 11    XL:     3   Next: 6%
Magic:  5/9        EV: 11    Int: 15    God:
Gold:   66         SH:  0    Dex:  8    Spells: 8/12 levels left

rFire   . . .      SeeInvis .   e - staff of death
rCold   . . .      Faith    .   (no shield)
rNeg    + . .      Spirit   .   b - +0 robe
rPois   .          Reflect  .   (no helmet)
rElec   .          Harm     .   (no cloak)
rCorr   .          Rampage  .   (no gloves)
Will    .....                   (no boots)
Stlth   +.........              (no amulet)
HPRegen 0.08/turn               (no ring)
MPRegen 0.11/turn               (no ring)

@: no status effects
A: fangs 1, strong nose, distributed training
a: no special abilities


You were on level 2 of the Dungeon.
You visited 1 branch of the dungeon, and saw 2 of its levels.

You collected 66 gold pieces.

Inventory:

Armour
 b - a +0 robe (worn)
Magical Staves
 e - a staff of death (weapon)
Scrolls
 a - a scroll of fear {unknown}
 c - a scroll of amnesia {unknown}


   Skills:
 + Level 0.6 Fighting
 + Level 0.6 Short Blades
 + Level 0.6 Long Blades
 + Level 0.6 Axes
 + Level 0.6 Maces & Flails
 + Level 0.6 Polearms
 + Level 0.6 Staves
 + Level 0.6 Slings
 + Level 0.6 Bows
 + Level 0.6 Crossbows
 + Level 0.6 Throwing
 + Level 0.6 Armour
 + Level 0.6 Dodging
 + Level 0.6 Stealth
 + Level 4.5 Shields
 + Level 0.6 Unarmed Combat
 + Level 5.0 Spellcasting
 + Level 0.4 Conjurations
 + Level 0.4 Hexes
 + Level 3.7 Summonings
 + Level 7.1 Necromancy
 + Level 0.4 Translocations
 + Level 0.4 Transmutations
 + Level 0.4 Fire Magic
 + Level 0.4 Ice Magic
 + Level 0.4 Air Magic
 + Level 0.4 Earth Magic
 + Level 0.4 Poison Magic
 + Level 0.8 Invocations
 + Level 0.6 Evocations


You had 8 spell levels left.
You knew the following spells:

 Your Spells              Type           Power      Damage    Failure   Level
a - Magic Dart            Conj           20%        1d4       14%         1
b - Summon Small Mammal   Summ           60%        N/A       3%          1
c - Call Imp              Summ           15%        N/A       5%          2

Your spell library contained the following spells:

 Spells                   Type           Power      Damage    Failure   Level
 Sublimation of Blood     Necr           18%        N/A       1%          2
 Corpse Rot               Necr/Air       N/A        N/A       5%          2
 Call Canine Familiar     Summ           15%        N/A       11%         3
 Summon Guardian Golem    Hex/Summ       10%        N/A       21%         3
 Dazzling Flash           Conj/Hex       10%        N/A       38%         3
 Summon Lightning Spire   Summ/Air       10%        N/A       56%         4


Dungeon Overview and Level Annotations

Branches:
Dungeon (2/15)

Altars:

Annotations:
D:2 Sigmund


Innate Abilities, Weirdness & Mutations

You have very sharp teeth.
Your uncanny sense of smell can sniff out nearby items.
Your experience applies equally to all skills.


Message History

Your shadow imp gestures at something.
Your shadow imp hits something.
Something closely misses your shadow imp.
Your shadow imp barely misses something.
You swap places.
A magic dart appears from out of thin air!
The magic dart hits your shadow imp!
Your shadow imp dies!
You barely miss something. Something hits you!
You miss something.
You hear some strange, mumbled words.
Something tries to affect you, but you resist.
You closely miss something.
You hear some strange, mumbled words.
A magic dart appears from out of thin air!
The magic dart hits you.
You hit something but do no damage. Something hits you.
You barely miss something. Something hits you!
* * * LOW HITPOINT WARNING * * *
Really walk into that teleport trap?
You enter a teleport trap!
The teleport trap disappears.
Your surroundings suddenly seem different.
Found a stone staircase leading down.
Your crimson imp blinks!
Your crimson imp blinks!
Your crimson imp disappears in a puff of smoke!
Sigmund is nearby!
Casting: Call Imp (safe; 5% risk of failure)
Confirm with . or Enter, or press ? or * to list all spells.
A metallic apparition takes form in the air.
Sigmund shouts!
Casting: Call Imp (safe; 5% risk of failure)
Confirm with . or Enter, or press ? or * to list all spells.
A beastly little devil appears in a puff of frigid air.
Sigmund points at you and mumbles some strange words.
The magic dart hits you.
* * * LOW HITPOINT WARNING * * *
Sigmund points at you and mumbles some strange words.
The puff of flame hits you.
You die...

.. #...... ##
##.##.###
....@..
####...## ###
##.....##>...
#........#
##....5#.#
#....## #
#.#@## #.#5#
. ..# #.....
...## #...
#... ....


You could see Sigmund (ally target), a friendly iron imp (summoned) and a
friendly white imp (summoned).

Vanquished Creatures
  A ball python (D:1)
  A hobgoblin (D:1)
  2 jackals (D:1)
  2 kobolds (D:1)
  A quokka (D:1)
  5 bats
  A frilled lizard (D:1)
13 creatures vanquished.

Vanquished Creatures (collateral kills)
  A dart slug (D:1)
  2 endoplasms
  2 hobgoblins
  3 jackals (D:1)
  2 kobolds
  A quokka (D:1)
  A bat (D:2)
  4 goblins
16 creatures vanquished.

Grand Total: 29 creatures vanquished

Notes
Turn   | Place    | Note
-------+----------+-------------------------------------------
     0 | D:1      | frimble the Gnoll Wanderer began the quest for the Orb.
     0 | D:1      | frimble set off with the following items: a +0 club, a +0
                  | robe; and the following spells available to memorise:
                  | Sublimation of Blood, Summon Small Mammal, Call Imp, Corpse
                  | Rot, Call Canine Familiar, Magic Dart, Summon Guardian
                  | Golem, Dazzling Flash, Summon Lightning Spire
     0 | D:1      | Reached XP level 1. HP: 13/13 MP: 6/6
     2 | D:1      | Learned a level 1 spell: Magic Dart
    14 | D:1      | Learned a level 1 spell: Summon Small Mammal
   669 | D:1      | Reached XP level 2. HP: 11/19 MP: 4/7
  1925 | D:1      | Learned a level 2 spell: Call Imp
  2180 | D:2      | Reached XP level 3. HP: 25/25 MP: 6/9
  2230 | D:2      | Noticed Sigmund
  2248 | D:2      | Reached skill level 5 in Spellcasting
  2348 | D:2      | Killed from afar by Sigmund

Illustrated notes

Levels and vault maps discovered:
D:1:      lemuel_arrival_muddy, layout_rooms
D:2:      layout_loops_ring, uniq_sigmund

Skill      XL: |  1  2  3 |
---------------+----------+-----
Spellcasting   | 5 |  5.0
Fighting       | |  0.6
Short Blades   | |  0.6
Long Blades    | |  0.6
Axes           | |  0.6
Maces & Flails | |  0.6
Polearms       | |  0.6
Staves         | |  0.6
Slings         | |  0.6
Bows           | |  0.6
Crossbows      | |  0.6
Throwing       | |  0.6
Armour         | |  0.6
Dodging        | |  0.6
Stealth        | |  0.6
Shields        | |  4.5
Unarmed Combat | |  0.6
Conjurations   | |  0.4
Hexes          | |  0.4
Summonings     | |  3.7
Necromancy     | |  7.1
Translocations | |  0.4
Transmutations | |  0.4
Fire Magic     | |  0.4
Ice Magic      | |  0.4
Air Magic      | |  0.4
Earth Magic    | |  0.4
Poison Magic   | |  0.4
Invocations    | |  0.8
Evocations     | |  0.6

Action                   || total
-------------------------++-------
Melee: Dagger            ||    50
       Club              ||     9
       Staff             ||    15
       Bite              ||     1
 Cast: Summon Small Mamm ||    32
       Magic Dart        ||     1
       Call Imp          ||    11
Armor: Robe              ||    26
Dodge: Dodged            ||    69

Table legend: (Time is in decaauts)
 A = Elapsed time spent in this place.
 B = Non-inter-level travel time spent in this place.
 C = Inter-level travel time spent in this place.
 D = Time resting spent in this place.
 E = Time spent auto-exploring this place.
 F = Levels seen in this place.
 G = Mean time per level.
                   A        B        C        D        E       F      G
               +--------+--------+--------+--------+--------+-----+--------+
         Total |   2355 |   2308 |     47 |      0 |   1868 |   2 | 1177.5 |
       Dungeon |   2355 |   2308 |     47 |      0 |   1868 |   2 | 1177.5 |
               +--------+--------+--------+--------+--------+-----+--------+

Top non-repeatable levels by time:
     D:1: 1939 daAuts
     D:2: 415 daAuts
